 Dungeon Crawl Stone Soup version 0.30-a0-170-g85af917532 (webtiles) character file.

Game seed: 18309050433683570984

103 gzilladon the Magician (level 4, 0/30 HPs)
             Began as a Mummy Summoner on Sept 30, 2022.
             Was an Initiate of Yredelemnul.
             Killed from afar by an orc wizard (2 damage)
             ... with a magic dart
             ... on level 4 of the Dungeon.
             The game lasted 00:19:25 (3524 turns).

gzilladon the Magician (Mummy Summoner)             Turns: 3524, Time: 00:19:26

Health: 0/30       AC:  5    Str: 11    XL:     4   Next: 51%
Magic:  9/9        EV: 11    Int: 16    God:    Yredelemnul [......]
Gold:   147        SH:  0    Dex: 12    Spells: 4/10 levels left

rFire   x . .      SeeInvis .    h - +3 dagger
rCold   + . .      Faith    +    (no shield)
rNeg    + + +      Spirit   .    k - +0 leather armour
rPois   ∞          Reflect  .    (no helmet)
rElec   .          Harm     .    (no cloak)
rCorr   .          Rampage  .    l - +1 pair of gloves
Will    .....                    (no boots)
Stlth   ++........               (no amulet)
HPRegen 0.10/turn                (no ring)
MPRegen 0.11/turn                (no ring)

@: no status effects
A: cold resistance 1, negative energy resistance 3, torment resistance 2, heat
vulnerability 1, in touch with death 1, no potions, faith
a: Renounce Religion, Recall Undead Harvest


You were on level 4 of the Dungeon.
You worshipped Yredelemnul.
Yredelemnul was noncommittal.
You visited 1 branch of the dungeon, and saw 4 of its levels.

You collected 147 gold pieces.

Inventory:

Hand Weapons
 c - a +0 short sword
 h - a +3 dagger (weapon)
 p - a +1 short sword of freezing
Missiles
 d - 30 stones
 m - 6 poisoned darts
Armour
 a - a +0 robe
 g - a +1 chain mail of willpower
 k - a +0 leather armour (worn)
 l - a +1 pair of gloves (worn)
 r - an orb of guile
Jewellery
 i - a ring of willpower
 n - a ring of protection from fire
 o - a +4 ring of evasion
Scrolls
 b - a scroll of acquirement {unknown}
 e - a scroll of teleportation {unknown}
 f - a scroll of vulnerability {unknown}
 j - 4 scrolls of magic mapping {unknown}
 q - a scroll of fear {unknown}


   Skills:
 + Level 0.2 Fighting
 + Level 0.8 Short Blades
 + Level 0.7 Armour
 + Level 1.9 Dodging
 + Level 2.0 Stealth
 + Level 0.1 Unarmed Combat
 * Level 3.9 Spellcasting
 + Level 3.6 Summonings
 * Level 0.8 Invocations


You had 4 spell levels left.
You knew the following spells:

 Your Spells              Type           Power      Damage    Failure   Level
a - Summon Small Mammal   Summ           56%        N/A       4%          1
b - Call Imp              Summ           14%        N/A       8%          2
c - Summon Guardian Gole  Hex/Summ       9%         N/A       32%         3

Your spell library contained the following spells:

 Spells                   Type           Power      Damage    Failure   Level
 Call Canine Familiar     Summ           14%        N/A       16%         3
 Necrotise                Necr           16%        1d4       22%         1
 Shock                    Conj/Air       12%        1d3       22%         1
 Ensorcelled Hibernation  Hex/Ice        6%         N/A       34%         2
 Passwall                 Tmut/Erth      2%         N/A       34%         2
 Swiftness                Air            3%         N/A       56%         3
 Vampiric Draining        Necr           4%         2d6       56%         3
 Summon Lightning Spire   Summ/Air       9%         N/A       71%         4
 Airstrike                Air            1%         2d(1-17)  92%         4
 Agony                    Necr           4%         N/A       99%         5


Dungeon Overview and Level Annotations

Branches:
Dungeon (4/15)
 Temple: D:4-7

Altars:
Yredelemnul

Shops:
D:4 *


Innate Abilities, Weirdness & Mutations

You are immune to poison.
Your flesh is cold resistant. (rC+)
You are immune to negative energy. (rN+++)
You are immune to unholy pain and torment.
You are vulnerable to heat. (rF-)
You are in touch with the powers of death.
You do not drink.
You have a special connection with the divine. (Faith)


Message History

Your adder zombie bites the orc priest.
The orc wizard gestures at you while chanting.
Your adder zombie appears confused.
The orc priest barely misses your adder zombie.
Your adder zombie bites the orc wizard but does no damage.
Your adder zombie bites the orc priest.
The orc wizard hits your adder zombie with a +0 dagger.
The orc priest hits your adder zombie with a +0 club.
Your adder zombie bites your ball python zombie.
Your adder zombie bites itself.
Your adder zombie bites the orc priest but does no damage.
The orc priest calls upon Beogh to heal the orc wizard.
The orc wizard is healed somewhat.
The orc wizard hits your adder zombie with a +0 dagger.
Your adder zombie is destroyed!
Your adder zombie bites the orc priest.
The orc wizard hits your ball python zombie with a +0 dagger.
Your ball python zombie is destroyed!
The orc priest miscasts a cantrip.
Your adder zombie completely misses the orc priest.
Your endoplasm zombie barely misses the orc wizard.
The orc priest calls down the wrath of Beogh upon your adder zombie.
Your adder zombie is smitten.
Your adder zombie is destroyed!
The orc wizard hits your endoplasm zombie with a +0 dagger.
Your endoplasm zombie closely misses the orc wizard.
You swap places.
The orc closely misses you.
Your endoplasm zombie hits the orc wizard.
The orc barely misses you. The orc hits you but does no damage.
The orc wizard casts a spell at you. The puff of flame hits you.
The fire burns you terribly!
* * * LOW HITPOINT WARNING * * *
The orc priest barely misses you.
You barely miss the orc.
Your endoplasm zombie barely misses the orc wizard.
The orc priest closely misses you. The orc hits you but does no damage.
The orc wizard gestures at you while chanting.
The magic dart hits you.
You die...
Yredelemnul claims you as an undead slave.

#......Z.........#
#Z######.#.#####.# #.# #.#.# #.#
###### #.# ###.#.#
#.##########..... #.####.....#
#.Z..Z...........
#.##.#.###.################.###.
#Z#.#..# #....# #.# #.
#.#....###.##.######### #.# #.
#.Z###.....##Z.@o.....# #.# #.
###.#.#Z..##..ooo....). ..# #.
#.#.#.####.###.###.. #.# #.
#..##..# ...# .# #.###. ...
.......... . ###.##..
#...#.......... .. ........
#.#....#.#...#. #. ###..#.. .#
#...#.#.#. .# #............
#.#.####..##.


You could see an orc priest, an orc wizard (ally target), 2 orcs and a friendly
endoplasm zombie.

Vanquished Creatures
  3 adders
  3 bats (D:1)
  7 endoplasms
  5 giant cockroaches
  4 goblins
  4 hobgoblins
  2 jackals (D:3)
  4 ball pythons
  2 frilled lizards (D:2)
  5 kobolds
  3 rats
42 creatures vanquished.

Vanquished Creatures (collateral kills)
  An adder (D:4)
  An endoplasm (D:1)
  A giant cockroach (D:1)
  2 hobgoblins
  A jackal (D:3)
  2 ball pythons
  A bat (D:1)
  3 frilled lizards (D:1)
  4 goblins
  2 kobolds
  3 rats
21 creatures vanquished.

Vanquished Creatures (others)
  2 adder zombies (D:4)
  A ball python zombie (D:4)
  A kobold zombie (D:4)
4 creatures vanquished.

Grand Total: 67 creatures vanquished

Notes
Turn   | Place    | Note
-------+----------+-------------------------------------------
     0 | D:1      | gzilladon the Mummy Summoner began the quest for the Orb.
     0 | D:1      | Reached XP level 1. HP: 13/13 MP: 4/4
   426 | D:1      | Reached XP level 2. HP: 11/19 MP: 4/6
   793 | D:1      | Learned a level 2 spell: Call Imp
   934 | D:1      | Found a faded altar of an unknown god.
  1301 | D:2      | Gained mutation: You are in touch with the powers of death.
                  | [Mummy growth]
  1301 | D:2      | Reached XP level 3. HP: 24/24 MP: 7/7
  1325 | D:2      | Learned a level 3 spell: Summon Guardian Golem
  1369 | D:2      | Found a basalt altar of Yredelemnul.
  1385 | D:2      | Became a worshipper of Yredelemnul the Dark
  1632 | D:2      | Reached * piety under Yredelemnul
  1863 | D:2      | Reached ** piety under Yredelemnul
  2177 | D:3      | Reached XP level 4. HP: 30/30 MP: 9/9
  3346 | D:4      | Found Denketoh's Assorted Antiques.
  3524 | D:4      | Killed from afar by an orc wizard

Illustrated notes

Levels and vault maps discovered:
D:1:      minmay_arrival_doors, layout_basic,
          shapermc_ecumenical_altar_mp_highgroup
D:2:      layout_basic, basic_altar, bh_walls_and_bars
D:3:      layout_basic, chequers_serial_rivers_large_a,
          kennysheep_generic_room_10
D:4:      layout_loops_ring, serial_shops, nicolae_diamond_shop, uniq_menkaure

Skill      XL: |  1  2  3  4 |
---------------+-------------+-----
Spellcasting   | 3 |  3.9
Stealth        | 2 |  2.0
Fighting       | |  0.2
Short Blades   | |  0.8
Armour         | |  0.7
Dodging        | |  1.9
Unarmed Combat | |  0.1
Summonings     | |  3.6
Invocations    | |  0.8

Action                   |  1- 3 |  4- 6 || total
-------------------------+-------+-------++-------
Melee: Unarmed           |    13 |       ||    13
       Short sword       |    21 |       ||    21
       Dagger            |    73 |    71 ||   144
       Punch             |     1 |       ||     1
 Cast: Summon Small Mamm |    20 |       ||    20
       Call Imp          |     4 |       ||     4
 Stab: Sleeping          |     2 |     1 ||     3
Armor: Robe              |    24 |       ||    24
       Leather armour    |    13 |    25 ||    38
Dodge: Dodged            |    87 |    49 ||   136

Table legend: (Time is in decaauts)
 A = Elapsed time spent in this place.
 B = Non-inter-level travel time spent in this place.
 C = Inter-level travel time spent in this place.
 D = Time resting spent in this place.
 E = Time spent auto-exploring this place.
 F = Levels seen in this place.
 G = Mean time per level.
                   A        B        C        D        E       F      G
               +--------+--------+--------+--------+--------+-----+--------+
         Total |   3538 |   3145 |    393 |    671 |      0 |   4 |  884.5 |
       Dungeon |   3538 |   3145 |    393 |    671 |      0 |   4 |  884.5 |
               +--------+--------+--------+--------+--------+-----+--------+

Top non-repeatable levels by time:
     D:1: 1274 daAuts
     D:3: 1180 daAuts
     D:2: 737 daAuts
     D:4: 347 daAuts
